 Dungeon Crawl Stone Soup version 0.28-a0-919-g0b5b508569 (webtiles) character file.

Game seed: 146052833672183705

914 timneilson the Shield-Bearer (level 8, 0/48 HPs)
             Began as a Gargoyle Fighter on Nov 25, 2021.
             Slain by a hound (4 damage)
             ... on level 5 of the Dungeon.
             The game lasted 00:07:43 (4720 turns).

timneilson the Shield-Bearer (Gargoyle Fighter)     Turns: 4720, Time: 00:07:43

Health: 0/48       AC: 17    Str: 23    XL:     8   Next: 9%
Magic:  8/8        EV: 11    Int:  8    God:
Gold:   333        SH:  8    Dex:  9    Spells: 7/7 levels left

rFire   . . .      SeeInvis .   a - +0 long sword (vamp)
rCold   + . .      Faith    .   f - +0 kite shield
rNeg    + . .      Spirit   .   p - +0 chain mail
rPois   ∞          Reflect  .   (no helmet)
rElec   +          Harm     .   g - +1 cloak
rCorr   .          Rampage  .   (no gloves)
Will    .....                   (no boots)
Stlth   ..........              (no amulet)
HPRegen 0.16/turn               c - +4 ring of evasion
MPRegen 0.11/turn               h - ring of protection from cold

@: hasted, very quick
A: sickness immunity, AC +5, negative energy resistance 1, electricity
resistance, torment resistance 1, petrification resistance
a: no special abilities


You were on level 5 of the Dungeon.
You visited 1 branch of the dungeon, and saw 5 of its levels.

You collected 333 gold pieces.

Inventory:

Hand Weapons
 a - a +0 vampiric long sword (weapon)
Armour
 f - a +0 kite shield (worn)
 g - a +1 cloak (worn)
 p - a +0 chain mail (worn)
Jewellery
 c - a +4 ring of evasion (left hand)
 h - a ring of protection from cold (right hand)
Wands
 j - a wand of polymorph (3)
 k - a wand of flame (24)
 o - a wand of digging (8)
Scrolls
 b - a scroll of fear
 l - a scroll of enchant armour
Potions
 d - a potion of mutation
 e - a potion of flight
 i - a potion of brilliance


   Skills:
 + Level 4.6 Fighting
 * Level 4.2 Long Blades
 * Level 5.8 Armour
 + Level 2.2 Dodging
 * Level 5.8 Shields
 + Level 1.4 Evocations


You had 7 spell levels left.
You didn't know any spells.
Your spell library contained the following spells:

 Spells                   Type           Power      Damage    Failure   Level
 Magic Dart               Conj           0%         1d3       100%        1
 Call Imp                 Summ           0%         N/A       100%        2
 Mephitic Cloud           Conj/Pois/Air  0%         N/A       100%        3


Dungeon Overview and Level Annotations

Branches:
Dungeon (5/15)
 Temple: D:4-7

Altars:
Ashenzari
Gozag
Zin


Innate Abilities, Weirdness & Mutations

You are immune to sickness and miasma.
Your stone body is resilient. (AC +5)
You are immune to poison.
You resist negative energy. (rN+)
You are resistant to electric shocks. (rElec)
You are resistant to unholy torment.
You are immune to petrification.


Message History

The orc priest hits you but does no damage.
The hound bites you but does no damage. The hound zombie barely misses you.
The orc priest barely misses you.
You barely miss the orc priest.
The orc priest is severely wounded.
The hound bites you but does no damage. The hound zombie barely misses you.
The hound barely misses you.
The orc priest hits you but does no damage.
The hound zombie bites you but does no damage.
Unknown command.
It was a potion of haste.
You feel yourself speed up. The hound bites you but does no damage.
You block the orc priest's attack. You block the hound's attack.
The hound zombie closely misses you.
You hit the orc priest but do no damage.
The orc priest is severely wounded.
The hound bites you but does no damage. The hound zombie bites you.
* * * LOW HITPOINT WARNING * * *
The orc priest hits you with a +0 morningstar.
* * * LOW HITPOINT WARNING * * *
You hit the orc priest but do no damage.
The orc priest is severely wounded.
You block the hound's attack. The hound zombie barely misses you.
You block the orc priest's attack. The hound misses you.
You barely miss the orc priest.
The orc priest is severely wounded.
The hound zombie bites you but does no damage.
You block the hound's attack. You block the orc priest's attack.
The hound zombie bites you but does no damage.
You completely miss the orc priest.
The orc priest is severely wounded.
The hound bites you.
* * * LOW HITPOINT WARNING * * *
The orc priest hits you with a +0 morningstar.
* * * LOW HITPOINT WARNING * * *
The hound zombie bites you but does no damage.
You slash the orc priest!
You feel better.
You kill the orc priest!
You block the hound's attack. The hound zombie barely misses you.
The hound bites you.
You die...

.......... .........
......... .........
######
........###########....#
........##.......##.....
......hZ)#........#....<
#.......@.#........#.....
#.........#........#.....
#.........#........'.....
#.........#........#.....
#........###########...##
#........##......###...##
#......................#.
#......................#.
#..............(.......#.


You could see a hound and a hound zombie.

Vanquished Creatures
  Sigmund (D:3)
  2 ogres
  A phantom (D:5)
  A scorpion (D:5)
  3 hounds
  2 orc priests (D:5)
  Crazy Yiuf (D:5)
  Natasha (thrice) (D:3)
  An iguana (D:5)
  A hound zombie (D:4)
  3 gnolls (D:5)
  8 adders
  3 worms
  A dart slug (D:1)
  5 orcs
  4 bats
  7 endoplasms
  6 giant cockroaches
  6 goblins
  9 hobgoblins
  6 kobolds
  2 quokkas
  4 ball pythons
  4 frilled lizards
  2 rats
86 creatures vanquished.

Vanquished Creatures (others)
  2 fungi (D:5)
2 creatures vanquished.

Grand Total: 88 creatures vanquished

Notes
Turn   | Place    | Note
-------+----------+-------------------------------------------
     0 | D:1      | timneilson the Gargoyle Fighter began the quest for the
                  | Orb.
     0 | D:1      | Reached XP level 1. HP: 14/14 MP: 1/1
   185 | D:1      | Reached XP level 2. HP: 9/19 MP: 2/2
   385 | D:1      | Found a faded altar of an unknown god.
   748 | D:1      | Reached XP level 3. HP: 17/23 MP: 3/3
  1934 | D:3      | Reached XP level 4. HP: 28/28 MP: 4/4
  1935 | D:3      | Noticed Natasha
  1942 | D:3      | Killed Natasha
  2126 | D:3      | Noticed Sigmund
  2152 | D:3      | Killed Sigmund
  2153 | D:3      | Reached skill level 1 in Dodging
  2153 | D:3      | Reached XP level 5. HP: 19/33 MP: 5/5
  2153 | D:3      | Reached XP level 6. HP: 22/38 MP: 6/6
  2178 | D:3      | Noticed Natasha
  2188 | D:3      | Killed Natasha
  2265 | D:3      | Noticed Natasha
  2278 | D:3      | Killed Natasha
  2996 | D:4      | Found a broken altar of Ashenzari.
  3428 | D:4      | Reached skill level 5 in Armour
  3428 | D:4      | Reached skill level 5 in Shields
  3428 | D:4      | Reached XP level 7. HP: 43/43 MP: 7/7
  3607 | D:4      | Found a glowing silver altar of Zin.
  3811 | D:4      | Found an opulent altar of Gozag.
  3911 | D:5      | Entered Level 5 of the Dungeon
  4025 | D:5      | Reached skill level 1 in Evocations
  4484 | D:5      | Found a runed translucent door.
  4485 | D:5      | Noticed Crazy Yiuf
  4491 | D:5      | Killed Crazy Yiuf
  4605 | D:5      | Reached XP level 8. HP: 48/48 MP: 8/8
  4720 | D:5      | Slain by a hound

Illustrated notes

Levels and vault maps discovered:
D:1:      minmay_arrival_arboretum_small, layout_basic,
          dreamdust_ecumenical_altar_statues
D:2:      layout_loops_corners
D:3:      layout_loops_corners, minmay_misc_feat_ornament, uniq_natasha,
          uniq_sigmund
D:4:      layout_cave_pools, pdpol_temple_overflow_zin_treasury_gozag_greed,
          amcnicky_altar_gilded, dk_noncrumbling_2, minmay_quadrilaterals
D:5:      layout_gridville, uniq_crazy_yiuf_cottage

Skill      XL: |  1  2  3  4  5  6  7 |
---------------+----------------------+-----
Long Blades    | 2 3 4 |  4.2
Armour         | 4 5 |  5.8
Shields        | 4 5 |  5.8
Dodging        | 1 2 |  2.2
Fighting       | 4 |  4.6
Evocations     | 1 |  1.4

Action                   |  1- 3 |  4- 6 |  7- 9 || total
-------------------------+-------+-------+-------++-------
Melee: Long sword        |   121 |   147 |   181 ||   449
       Unarmed           |       |     9 |       ||     9
  Use: Scroll            |     5 |     1 |     1 ||     7
       Potion            |       |     1 |     4 ||     5
Armor: Scale mail        |    57 |    91 |       ||   148
       Skin              |       |     2 |       ||     2
       Chain mail        |       |       |   130 ||   130
Dodge: Dodged            |    76 |    81 |    86 ||   243
Block: Buckler           |    25 |    12 |       ||    37
       Kite shield       |       |    36 |   109 ||   145

Table legend: (Time is in decaauts)
 A = Elapsed time spent in this place.
 B = Non-inter-level travel time spent in this place.
 C = Inter-level travel time spent in this place.
 D = Time resting spent in this place.
 E = Time spent auto-exploring this place.
 F = Levels seen in this place.
 G = Mean time per level.
                   A        B        C        D        E       F      G
               +--------+--------+--------+--------+--------+-----+--------+
         Total |   4873 |   4758 |    115 |     15 |   3661 |   5 |  974.6 |
       Dungeon |   4873 |   4758 |    115 |     15 |   3661 |   5 |  974.6 |
               +--------+--------+--------+--------+--------+-----+--------+

Top non-repeatable levels by time:
     D:3: 1154 daAuts
     D:1: 1034 daAuts
     D:4: 984 daAuts
     D:5: 866 daAuts
     D:2: 833 daAuts
